 Dungeon Sprint DCSS version 0.19-a0-965-g50bf062 (webtiles) character file.

177 Groucho the Insei (level 5, 0/38 HPs)
             Began as an Octopode Transmuter on July 12, 2016.
             Was an Elder of Uskayaw.
             Slain by a hill giant
             ... wielding a +0 giant spiked club
              (27 damage)
             ... in the Dungeon (Sprint IX: "|||||||||||||||||||||||||||||").
             The game lasted 00:01:47 (1149 turns).

Groucho the Insei (Octopode Transmuter)             Turns: 1149, Time: 00:01:48

Health: 0/38       AC:  3    Str: 11    XL:     5   Next: 57%
Magic:  6/10       EV: 15    Int: 15    God:    Uskayaw [****..]
Gold:   0          SH:  0    Dex: 15    Spells: 2 memorised, 7 levels left

rFire  . . .     SeeInvis .       - Unarmed
rCold  . . .     Gourm    .     (no shield)
rNeg   . . .     Faith    .     (helmet restricted)
rPois  .         Spirit   .     (no amulet)
rElec  .         Dismiss  .     n - +3 ring of dexterity
rCorr  .         Reflect  .     o - +2 ring of protection
SustAt .         Harm     .     (no ring)
MR     .....     NoTele   +     (no ring)
Stlth  ++++......               (no ring)
                                (no ring)
                                (no ring)
                                (no ring)

@: appendage, not resistant to hostile enchantments, stealthy
A: almost no armour, amphibious, 8 rings, constrict 8, tentacle spike 3,
camouflage 1, gelatinous body 1
a: End Transformation, Stomp, Line Pass, Renounce Religion


You were in the Dungeon.
You worshipped Uskayaw.
Uskayaw was noncommittal.
You were not hungry.
One of your tentacles had a temporary spike.
You visited 1 branch

Inventory:

Missiles
 a - 12 arrows
Jewellery
 n - a +3 ring of dexterity (left tentacle)
 o - a +2 ring of protection (right tentacle)
Wands
 m - a wand of acid (7/15)
Scrolls
 i - 2 scrolls of blinking
 k - 3 scrolls of remove curse
 l - 2 scrolls of amnesia
Potions
 d - 5 potions of curing
 e - a potion of invisibility
 f - a potion of haste
 g - 4 potions of magic
 h - a potion of berserk rage
 j - 2 potions of heal wounds
Books
 b - a book of Changes

   Spells                             Type                      Level
   a - Beastly Appendage              Transmutation                1
   b - Sticks to Snakes               Transmutation                2
   c - Spider Form                    Transmutation/Poison         3
   d - Ice Form                       Ice/Transmutation            4
   e - Blade Hands                    Transmutation                5


   Skills:
 * Level 4.7 Fighting
 * Level 5.2 Dodging
 + Level 4.7 Stealth
 * Level 5.7 Unarmed Combat
 + Level 3.6 Spellcasting
 * Level 5.2 Transmutations


You had 7 spell levels left.
You knew the following spells:

 Your Spells              Type           Power        Failure   Level  Hunger
a - Beastly Appendage     Tmut           ###...       1%          1    None
b - Spider Form           Tmut/Pois      ##........   21%         3    ###....


Dungeon Overview and Level Annotations

Branches:
Dungeon (1/1)

Altars:
Cheibriados
Dithmenos
Elyvilon
Fedhas
Gozag
Hepliaklqana
Kikubaaqudgha
Makhleb
Nemelex Xobeh
Okawaru
Pakellas
Qazlal
Ru
Sif Muna
Trog
Uskayaw
Vehumet
Xom
Yredelemnul
Zin
The Shining One
Beogh
Jiyva
Lugonu


Innate Abilities, Weirdness & Mutations

You cannot wear most types of armour.
You are amphibious.
You can wear up to eight rings at the same time.
You can use your tentacles to constrict eight enemies at once.
Your skin changes colour to match your surroundings (Stealth+).
Your rubbery body absorbs attacks. (AC +1)
One of your tentacles bears a large vicious spike.


Message History

You tentacle-slap the hill giant.
The hill giant is moderately wounded.
The hill giant is no longer sharing its pain.
The wyvern is no longer sharing its pain.
The komodo dragon is no longer sharing its pain.
The hippogriff is no longer sharing its pain.
The hill giant misses you.
You tentacle-slap the hill giant but do no damage.
The hill giant is moderately wounded.
The hill giant barely misses you.
Casting: Spider Form
Confirm with . or Enter, or press ? or * to list all spells.
One of your tentacles grows a vicious spike.
You tentacle-slap the hill giant.
You pierce the hill giant, but do no damage.
You squeeze the hill giant!
The hill giant is heavily wounded.
The hill giant hits you with a giant spiked club!!
Ouch! That really hurt!
You die... ▓▓▓▓▓▓▓▓▓▓▓▓▓▓▓▓▓▓▓▓▓▓▓ _____'..|).[[..'@CllH.+ ▓▓▓▓▓▓▓▓▓▓▓▓▓▓▓▓▓▓▓▓▓▓▓

You could see a hill giant, a komodo dragon, a hippogriff and a wyvern.

Vanquished Creatures
  A phantom (D)
  A quasit (D)
  An iguana (D)
  A worker ant (D)
  A worm (D)
  A giant gecko (D)
  3 giant cockroaches (D)
  A bat (D)
  A kobold (D)
  A quokka skeleton (D)
12 creatures vanquished.

Notes
Turn   | Place    | Note
-------+----------+-------------------------------------------
     0 | D        | Groucho the Octopode Transmuter began the quest for the Orb.
     0 | D        | Reached XP level 1. HP: 13/13 MP: 3/3
    10 | D        | Reached skill level 1 in Stealth
   482 | D        | Noticed a worker ant
   482 | D        | Noticed an iguana
   488 | D        | Reached XP level 2. HP: 7/19 MP: 3/5
   496 | D        | Reached XP level 3. HP: 12/25 MP: 4/6
   503 | D        | Reached XP level 4. HP: 7/31 MP: 4/8
  1042 | D        | Found a glowing silver altar of Zin.
  1042 | D        | Found a glowing golden altar of the Shining One.
  1042 | D        | Found an ancient bone altar of Kikubaaqudgha.
  1042 | D        | Found a basalt altar of Yredelemnul.
  1042 | D        | Found a shimmering altar of Xom.
  1042 | D        | Found a radiant altar of Vehumet.
  1043 | D        | Found an iron altar of Okawaru.
  1044 | D        | Found a burning altar of Makhleb.
  1045 | D        | Found a deep blue altar of Sif Muna.
  1046 | D        | Found a bloodstained altar of Trog.
  1047 | D        | Found a sparkling altar of Nemelex Xobeh.
  1048 | D        | Found a white marble altar of Elyvilon.
  1049 | D        | Found a roughly hewn altar of Beogh.
  1050 | D        | Found a viscous altar of Jiyva.
  1051 | D        | Found a corrupted altar of Lugonu.
  1052 | D        | Found a blossoming altar of Fedhas.
  1053 | D        | Found a snail-covered altar of Cheibriados.
  1054 | D        | Found a shadowy altar of Dithmenos.
  1055 | D        | Found a stormy altar of Qazlal.
  1056 | D        | Found an opulent altar of Gozag.
  1057 | D        | Found a sacrificial altar of Ru.
  1058 | D        | Found an oddly glowing altar of Pakellas.
  1059 | D        | Found a hide-covered altar of Uskayaw.
  1060 | D        | Found a hazy altar of Hepliaklqana.
  1069 | D        | Became a worshipper of Uskayaw the Reveler
  1100 | D        | Learned a level 3 spell: Spider Form
  1128 | D        | Noticed a phantom
  1128 | D        | Noticed a hill giant
  1128 | D        | Noticed a wyvern
  1128 | D        | Noticed a komodo dragon
  1128 | D        | Noticed a hippogriff
  1131 | D        | Reached * piety under Uskayaw
  1135 | D        | Reached ** piety under Uskayaw
  1141 | D        | Reached *** piety under Uskayaw
  1144 | D        | Reached **** piety under Uskayaw
  1145 | D        | Killed a phantom
  1145 | D        | Reached skill level 5 in Dodging
  1145 | D        | Reached skill level 5 in Unarmed Combat
  1145 | D        | Reached skill level 5 in Transmutations
  1145 | D        | Reached XP level 5. HP: 26/38 MP: 6/10
  1149 | D        | Slain by a hill giant

Vault maps used:
D:        linesprint

Skill      XL: |  1  2  3  4 |
---------------+-------------+-----
Stealth        | 1 2 3 4 |  4.7
Fighting       | 2 3 4 |  4.7
Dodging        | 3 5 |  5.2
Unarmed Combat | 4 5 |  5.7
Transmutations | 3 5 |  5.2
Spellcasting   | 3 |  3.6

Action                   |  1- 3 |  4- 6 || total
-------------------------+-------+-------++-------
Melee: Unarmed           |    32 |    18 ||    50
       Constrict         |     8 |       ||     8
       Kick              |     3 |     1 ||     4
       Tentacles         |     5 |     1 ||     6
       Punch             |     1 |       ||     1
 Cast: Beastly Appendage |     2 |     1 ||     3
       Spider Form       |       |     1 ||     1
  Use: Potion            |     1 |       ||     1
 Stab: Sleeping          |     1 |     1 ||     2
       Paralysed         |       |     2 ||     2
  Eat: Bread ration      |       |     1 ||     1
Armor: Skin              |     2 |       ||     2
Dodge: Dodged            |    11 |    16 ||    27
